 Dungeon Crawl Stone Soup version 0.26-a0-663-g36e8fdb655 (webtiles) character file.

Game seed: 10022827541441683081

146 jestyr24 the Conjurer (level 5, -2/41 HPs)
             Began as a Draconian Conjurer on Oct 8, 2020.
             Killed from afar by an orc wizard (7 damage)
             ... with a puff of frost
             ... on level 4 of the Dungeon on Oct 12, 2020.
             The game lasted 00:17:24 (2923 turns).

jestyr24 the Conjurer (Draconian Conjurer)          Turns: 2923, Time: 00:17:24

Health: -2/41      AC:  6    Str: 10    XL:     5   Next: 7%
Magic:  2/8        EV: 12    Int: 19    God:
Gold:   153        SH:  0    Dex:  9    Spells: 6/9 levels left

rFire    . . .     SeeInvis .   f - +0 dagger
rCold    . . .     Faith    .   (no shield)
rNeg     . . .     Spirit   .   (armour unavailable)
rPois    .         Reflect  .   (helmet restricted)
rElec    .         Harm     .   (no cloak)
rCorr    .         Rampage  .   (no gloves)
MR       .....                  s - +0 pair of boots
Stlth    +++.......             (no amulet)
HPRegen  0.13/turn              m - ring of stealth
MPRegen  0.11/turn              (no ring)

@: no status effects
A: unfitting armour, cold-blooded, AC +5
a: no special abilities


You were on level 4 of the Dungeon.
You visited 1 branch of the dungeon, and saw 4 of its levels.

You collected 153 gold pieces.

Inventory:

Hand Weapons
 a - a +0 whip
 f - a +0 dagger (weapon)
 j - a +0 halberd
 q - a +0 short sword
Armour
 s - a +0 pair of boots (worn)
Jewellery
 m - a ring of stealth (left hand)
Scrolls
 b - 4 scrolls of identify {unknown}
 d - a scroll of enchant armour {unknown}
 o - a scroll of magic mapping {unknown}
 r - a scroll of teleportation {unknown}
 t - a scroll of enchant weapon {unknown}
Potions
 c - a potion of curing {unknown}
 e - a potion of cancellation {unknown}
 g - a potion of brilliance {unknown}
 h - a potion of magic {unknown}
 i - a potion of ambrosia {unknown}
 k - a potion of degeneration {unknown}
 l - 2 potions of heal wounds {unknown}
 n - a potion of flight {unknown}
 p - a potion of stabbing {unknown}


   Skills:
 * Level 1.7 Fighting
 + Level 0.3 Short Blades
 * Level 2.1 Dodging
 * Level 2.2 Stealth
 * Level 2.6 Spellcasting
 * Level 5.3 Conjurations


You had 6 spell levels left.
You knew the following spells:

 Your Spells              Type           Power        Failure   Level
a - Magic Dart            Conj           ###.         1%          1
b - Searing Ray           Conj           ###...       2%          2

Your spell library contained the following spells:

 Spells                   Type           Power        Failure   Level
 Dazzling Flash           Conj/Hex       ##....       16%         3
 Fulminant Prism          Conj/Hex       ##........   45%         4
 Iskenderun's Mystic Bla  Conj/Tloc      ##......     45%         4


Dungeon Overview and Level Annotations

Branches:
Dungeon (4/15)
 Temple: D:4-7

Altars:
Ashenzari
Xom
Zin

Annotations:
D:2 1 runed translucent door, Crazy Yiuf
D:3 2 transporters


Innate Abilities, Weirdness & Mutations

Your plain brown scales are hard. (AC +5)
You cannot fit into any form of body armour.
You are cold-blooded and may be slowed by cold attacks.


Message History

A magic dart appears from out of thin air!
The magic dart hits you.
* * * LOW HITPOINT WARNING * * *
Something hits you but does no damage.
An orc wizard appears from thin air!
Reactivating autopickup.
The orc wizard hits you but does no damage.
The orc wizard gestures at you while chanting.
The magic dart hits you.
* * * LOW HITPOINT WARNING * * *
The orc wizard hits you but does no damage.
The orc wizard gestures wildly while chanting.
The orc wizard flickers and vanishes!
Deactivating autopickup; reactivate with Ctrl-A.
You barely miss something. Something hits you but does no damage.
You miss something.
You hear some strange, mumbled words.
A puff of frost appears from out of thin air!
The puff of frost hits you!
You die...

..>.....#
#......######
........# #......#
........+ #..†...#
##.(..### # ##....##
###'######.####....##
............#......)#
............#.......#
............#...{..##
............#...@..#
......###.. #.##...#
......###.. #####+##
...........
...........
............
#######8.8## # .....
# .....


There were no monsters in sight!

Vanquished Creatures
  7 gnolls (D:2)
  2 adders
  An ooze (D:2)
  A dart slug (D:2)
  A leopard gecko (D:4)
  4 orcs
  9 bats
  3 giant cockroaches
  7 hobgoblins
  3 kobolds
  3 quokkas
  2 frilled lizards
  4 goblins
  A jackal skeleton (D:4)
  3 rats
51 creatures vanquished.

Vanquished Creatures (others)
  4 toadstools (D:1)
4 creatures vanquished.

Grand Total: 55 creatures vanquished

Notes
Turn   | Place    | Note
-------+----------+-------------------------------------------
     0 | D:1      | jestyr24 the Draconian Conjurer began the quest for the
                  | Orb.
     0 | D:1      | Reached XP level 1. HP: 14/14 MP: 3/3
   278 | D:1      | Reached XP level 2. HP: 20/20 MP: 0/5
   790 | D:2      | Found a runed translucent door.
   791 | D:2      | Noticed Crazy Yiuf
   800 | D:2      | Learned a level 2 spell: Searing Ray
   844 | D:2      | Reached XP level 3. HP: 12/27 MP: 3/6
  1098 | D:2      | Reached skill level 1 in Fighting
  1158 | D:2      | Reached skill level 5 in Conjurations
  1168 | D:2      | Reached XP level 4. HP: 32/35 MP: 0/7
  2231 | D:3      | Found a transporter.
  2231 | D:3      | Found a transporter.
  2239 | D:3      | Found a broken altar of Ashenzari.
  2349 | D:3      | Found a glowing silver altar of Zin.
  2439 | D:3      | Found a shimmering altar of Xom.
  2439 | D:3      | Found a shimmering altar of Xom.
  2440 | D:3      | Found a shimmering altar of Xom.
  2440 | D:3      | Found a shimmering altar of Xom.
  2440 | D:3      | Found a shimmering altar of Xom.
  2440 | D:3      | Found a shimmering altar of Xom.
  2690 | D:3      | Upgraded the game from 0.26-a0-661-g406de6ba63 to
                  | 0.26-a0-663-g36e8fdb655
  2784 | D:4      | Reached XP level 5. HP: 40/41 MP: 2/8
  2923 | D:4      | Killed from afar by an orc wizard

Illustrated notes

Levels and vault maps discovered:
D:1:      ldierk_water_garden, layout_rooms
D:2:      layout_loops_ring, uniq_crazy_yiuf_cottage
D:3:      layout_loops_ring, xom_redecorated, gammafunk_temple_overflow_arena,
          zin_treasury, minmay_fountain_box
D:4:      minmay_thinvault, layout_gridville, lemuel_temple_firewalk_b,
          roderic_batcave, chequers_serial_rivers_micro_b

Skill      XL: |  1  2  3 |
---------------+----------+-----
Dodging        | 2 |  2.1
Fighting       | 1 |  1.7
Stealth        | 2 |  2.2
Conjurations   | 5 |  5.3
Short Blades   | |  0.3
Spellcasting   | |  2.6

Action                   |  1- 3 |  4- 6 || total
-------------------------+-------+-------++-------
Melee: Dagger            |    12 |    23 ||    35
       Tailslap          |     3 |     4 ||     7
 Cast: Magic Dart        |    31 |    24 ||    55
       Searing Ray       |     5 |    15 ||    20
  Use: Scroll            |     2 |       ||     2
 Stab: Sleeping          |       |     2 ||     2
Armor: Skin              |     3 |    13 ||    16
Dodge: Dodged            |    15 |    14 ||    29

Table legend: (Time is in decaauts)
 A = Elapsed time spent in this place.
 B = Non-inter-level travel time spent in this place.
 C = Inter-level travel time spent in this place.
 D = Time resting spent in this place.
 E = Time spent auto-exploring this place.
 F = Levels seen in this place.
 G = Mean time per level.
                   A        B        C        D        E       F      G
               +--------+--------+--------+--------+--------+-----+--------+
         Total |   2926 |   2820 |    106 |    672 |   1430 |   4 |  731.5 |
       Dungeon |   2926 |   2820 |    106 |    672 |   1430 |   4 |  731.5 |
               +--------+--------+--------+--------+--------+-----+--------+

Top non-repeatable levels by time:
     D:2: 1102 daAuts
     D:1: 826 daAuts
     D:3: 793 daAuts
     D:4: 203 daAuts
